AoeStats
← 888

Oasis

508201694Analyzed
4v4 RM · 11d ago on Sep 21, 2026· 22m 8s· 8 players
Game mode
Random Map
Map size
Large (8 player)
Population
200
Speed
Normal
Resources
Standard
Victory
Conquest
Starting age
Dark Age
Ending age
Imperial Age
RankedLock teamsTeams togetherTeam positionsShared explorationLock speedFull tech treeHidden civsTurbo modeCheats
Victory
Defeat
🇦🇺 Chinese · Australia
1360
+14
🇨🇱 Slavs · Chile
1348
+15
🇨🇳 Bengalis · China
1339
+15
🇦🇺 Italians · Australia
1327
+16
🇩🇪 Burmese · Germany
1401
-17
🇩🇿 Bohemians · Algeria
1368
-17
🇨🇳 Koreans · China
1288
-14
🇫🇷 Hindustanis · France
1243
-12
[TVDT] Emiliator
8:00 Loom
10:59 Feudal Age
13:37 Fletching
13:48 Padded Archer Armor
17:37 Horse Collar
20:18 Wheelbarrow
24:16 Castle Age
Silver_Storm
0:29 Loom
9:39 Feudal Age
10:41 Double-Bit Axe
13:19 Fletching
20:22 Castle Age
18:33 Horse Collar
20:08 Padded Archer Armor
20:30 Crossbowman
21:33 Thumb Ring
Vinkz
6:37 Loom
9:33 Feudal Age
10:09 Double-Bit Axe
12:40 Scale Barding Armor
12:26 Horse Collar
20:53 Castle Age
19:34 Bloodlines
21:19 Forging
21:44 Husbandry
22:07 Chain Barding Armor
630406632
5:11 Loom
11:21 Feudal Age
12:03 Double-Bit Axe
19:14 Castle Age
17:32 Fletching
18:02 Horse Collar
20:35 Bow Saw
888
9:17 Feudal Age
11:04 Horse Collar
11:13 Double-Bit Axe
18:48 Loom
21:03 Castle Age
20:45 Bloodlines
21:14 Scale Barding Armor
21:19 Forging
Acces
2:19 Loom
12:35 Feudal Age
19:14 Wheelbarrow
七七2025
7:33 Loom
10:19 Feudal Age
11:07 Double-Bit Axe
15:22 Fletching
18:56 Wheelbarrow
WololoMyEx
3:27 Loom
10:48 Feudal Age
15:01 Castle Age
13:14 Double-Bit Axe
13:12 Horse Collar
15:18 Wheelbarrow
16:38 Bow Saw
21:51 Chemistry
Connection lost

Rejoining the realm…

Still unreachable

The connection could not be restored.

Session expired

The server has moved on; the page needs a fresh start.